[ AOE2 MATCH · #471307655 ]
UnrankedHuns vs Magyars
[ REPLAY ANALYSIS · EXTRACTED FROM THE RECORDED GAME ]
Feudal
12:12
Castle
16:07
Imperial
39:06
| APM avg | 32.4 |
| APM peak | 67 |
| eAPM avg | 14.5 |
| Villagers / military | 137 / 147 |
Focus
⚔️ 29.2% · 🌾 70.8%
Spearman ×90 · Knight ×49 · Monk ×5 · Trebuchet (Packed) ×3
Feudal
11:50
Castle
17:07
Imperial
35:28
| APM avg | 35.4 |
| APM peak | 56 |
| eAPM avg | 18.8 |
| Villagers / military | 117 / 119 |
Focus
⚔️ 21.3% · 🌾 78.7%
Spearman ×85 · Scout Cavalry ×18 · Boyar ×8 · Mangonel ×4 · Monk ×3 · Trebuchet (Packed) ×1
Feudal
10:35
Castle
15:23
Imperial
32:02
| APM avg | 60.4 |
| APM peak | 100 |
| eAPM avg | 23.4 |
| Villagers / military | 91 / 105 |
Focus
⚔️ 30.3% · 🌾 69.7%
Knight ×43 · Scout Cavalry ×40 · Monk ×19 · Trebuchet (Packed) ×3
Feudal
12:21
Castle
15:02
Imperial
28:16
| APM avg | 34.2 |
| APM peak | 71 |
| eAPM avg | 21.2 |
| Villagers / military | 193 / 249 |
Focus
⚔️ 24.8% · 🌾 75.2%
Scout Cavalry ×131 · Ballista Elephant ×114 · Trebuchet (Packed) ×4
Feudal
11:29
Castle
16:31
Imperial
38:20
| APM avg | 18.2 |
| APM peak | 44 |
| eAPM avg | 12.5 |
| Villagers / military | 93 / 78 |
Focus
⚔️ 32.7% · 🌾 67.3%
Spearman ×33 · Teutonic Knight ×25 · Mangonel ×10 · Battering Ram ×8 · Petard ×2
Feudal
10:35
Castle
20:56
Imperial
40:21
| APM avg | 34.8 |
| APM peak | 59 |
| eAPM avg | 17.9 |
| Villagers / military | 130 / 117 |
Focus
⚔️ 31.5% · 🌾 68.5%
Knight ×80 · Camel Scout ×32 · Trebuchet (Packed) ×3 · Spearman ×1 · Battering Ram ×1
Feudal
10:55
Castle
14:32
Imperial
40:55
| APM avg | 30.0 |
| APM peak | 58 |
| eAPM avg | 18.0 |
| Villagers / military | 136 / 116 |
Focus
⚔️ 34.6% · 🌾 65.4%
Archer ×96 · Mangonel ×10 · Unknown (1942) ×9 · Skirmisher ×4 · Spearman ×3 · Battering Ram ×2
Feudal
10:32
Castle
16:33
Imperial
—
| APM avg | 42.1 |
| APM peak | 88 |
| eAPM avg | 18.9 |
| Villagers / military | 108 / 144 |
Focus
⚔️ 38.8% · 🌾 61.2%
Archer ×141 · Spearman ×1 · Skirmisher ×1 · Iron Pagoda ×1
Match map
Initial resources + every placement click. Lines = walls · curves = elevation contours. ◆ gold · ⬟ stone · ● berries · ✦ relic · ◌ wall gap
Your base· ✓ Closed at 16:07 · 0t walls · 1 gate(s)
ray's base· ✓ Closed at 17:07 · 10t walls · 1 gate(s)
OzoneMX2022's base· ✓ Closed at 15:23 · 6t walls · no gate
tathung's base· ✓ Closed at 15:02 · 0t walls · 1 gate(s)
Grimbel's base· ✓ Closed at 16:31 · 34t walls · no gate
肆泯's base· ✓ Closed at 20:56 · 16t walls · no gate
窝佬攻大人's base· ✓ Closed at 14:32 · 9t walls · no gate
我的手和脚打起来了,为了手赢我要打脚's base· ✓ Closed at 16:33 · 1t walls · 1 gate(s)
Smoothed initial terrain · ◌ = detected wall gap · hover for details
Inputs per minute
— Pig-killing team member - - ray
Build order — Pig-killing team member
First 150 of 319 actions detected
| 0:01 | Create | Villager (Male) |
| 0:02 | Create | Villager (Male) |
| 0:02 | Create | Villager (Male) |
| 0:02 | Create | Villager (Male) |
| 0:12 | Research | Loom |
| 0:12 | Research | Loom |
| 1:53 | Create | Villager (Male) |
| 1:53 | Create | Villager (Male) |
| 2:27 | Create | Villager (Male) |
| 2:28 | Create | Villager (Male) |
| 2:37 | Build | Lumber Camp |
| 2:47 | Create | Villager (Male) |
| 2:47 | Create | Villager (Male) |
| 3:13 | Create | Villager (Male) |
| 3:14 | Create | Villager (Male) |
| 3:36 | Create | Villager (Male) |
| 3:36 | Create | Villager (Male) |
| 3:37 | Create | Villager (Male) |
| 4:03 | Create | Villager (Male) |
| 4:20 | Build | Mill |
| 4:26 | Create | Villager (Male) |
| 4:49 | Create | Villager (Male) |
| 5:15 | Create | Villager (Male) |
| 5:16 | Create | Villager (Male) |
| 5:32 | Create | Villager (Male) |
| 5:33 | Create | Villager (Male) |
| 5:55 | Build | Farm |
| 6:17 | Create | Villager (Male) |
| 6:18 | Create | Villager (Male) |
| 6:18 | Create | Villager (Male) |
| 6:21 | Build | Farm |
| 6:43 | Create | Villager (Male) |
| 6:43 | Create | Villager (Male) |
| 6:45 | Build | Farm |
| 6:55 | Create | Villager (Male) |
| 6:55 | Create | Villager (Male) |
| 6:55 | Create | Villager (Male) |
| 7:13 | Build | Lumber Camp |
| 7:15 | Create | Villager (Male) |
| 7:15 | Create | Villager (Male) |
| 7:24 | Create | Villager (Male) |
| 7:24 | Create | Villager (Male) |
| 7:30 | Create | Villager (Male) |
| 7:30 | Create | Villager (Male) |
| 7:37 | Create | Villager (Male) |
| 7:37 | Create | Villager (Male) |
| 7:54 | Create | Villager (Male) |
| 8:34 | Create | Villager (Male) |
| 8:34 | Create | Villager (Male) |
| 8:35 | Create | Villager (Male) |
| 8:35 | Create | Villager (Male) |
| 8:55 | Build | Mining Camp |
| 9:14 | Create | Villager (Male) |
| 9:51 | Research | Feudal Age |
| 10:19 | Build | Barracks |
| 10:46 | Build | Farm |
| 11:36 | Create | Villager (Male) |
| 11:36 | Create | Villager (Male) |
| 11:37 | Create | Villager (Male) |
| 12:12 | Age | Feudal Age |
| 12:16 | Build | Stable |
| 12:26 | Build | Blacksmith |
| 12:42 | Build | Gate |
| 13:25 | Research | Castle Age |
| 13:36 | Build | Mining Camp |
| 14:18 | Build | Farm |
| 14:25 | Build | Farm |
| 14:40 | Build | Stable |
| 14:45 | Build | Farm |
| 14:52 | Build | Farm |
| 14:57 | Create | Villager (Male) |
| 14:57 | Create | Villager (Male) |
| 14:57 | Create | Villager (Male) |
| 15:04 | Research | Scale Barding Armor |
| 15:29 | Research | Double-Bit Axe |
| 15:45 | Build | Farm |
| 15:48 | Research | Horse Collar |
| 16:04 | Create | Villager (Male) |
| 16:07 | Age | Castle Age |
| 16:10 | Create | Knight |
| 16:12 | Create | Knight |
| 16:35 | Create | Villager (Male) |
| 16:38 | Create | Knight |
| 16:40 | Create | Knight |
| 17:04 | Create | Knight |
| 18:07 | Create | Villager (Male) |
| 18:07 | Create | Villager (Male) |
| 18:08 | Create | Villager (Male) |
| 18:08 | Create | Villager (Male) |
| 18:12 | Create | Villager (Male) |
| 18:25 | Create | Villager (Male) |
| 18:25 | Create | Villager (Male) |
| 18:36 | Build | Town Center |
| 18:42 | Build | Town Center |
| 18:43 | Create | Villager (Male) |
| 19:51 | Create | Villager (Male) |
| 19:51 | Create | Villager (Male) |
| 19:51 | Create | Villager (Male) |
| 19:52 | Create | Villager (Male) |
| 19:52 | Create | Villager (Male) |
| 19:52 | Create | Villager (Male) |
| 20:10 | Create | Villager (Male) |
| 20:10 | Create | Villager (Male) |
| 20:13 | Build | Farm |
| 20:14 | Build | Farm |
| 20:17 | Build | Farm |
| 20:18 | Build | Farm |
| 20:19 | Create | Villager (Male) |
| 21:03 | Create | Villager (Male) |
| 21:04 | Create | Villager (Male) |
| 21:04 | Create | Villager (Male) |
| 21:04 | Create | Villager (Male) |
| 21:09 | Build | Farm |
| 21:10 | Build | Farm |
| 21:12 | Build | Farm |
| 22:05 | Create | Villager (Male) |
| 22:05 | Create | Villager (Male) |
| 22:06 | Create | Villager (Male) |
| 22:06 | Create | Villager (Male) |
| 22:06 | Create | Villager (Male) |
| 22:06 | Create | Villager (Male) |
| 22:07 | Create | Villager (Male) |
| 22:21 | Create | Villager (Male) |
| 22:22 | Create | Villager (Male) |
| 22:22 | Create | Villager (Male) |
| 22:22 | Create | Villager (Male) |
| 22:33 | Build | Town Center |
| 22:42 | Create | Villager (Male) |
| 22:55 | Build | Farm |
| 22:57 | Build | Farm |
| 23:00 | Build | Farm |
| 23:03 | Build | Farm |
| 23:06 | Build | Farm |
| 23:07 | Create | Villager (Male) |
| 23:08 | Create | Villager (Male) |
| 23:10 | Create | Villager (Male) |
| 23:15 | Build | Farm |
| 23:17 | Create | Villager (Male) |
| 23:41 | Create | Villager (Male) |
| 23:42 | Create | Villager (Male) |
| 23:42 | Create | Villager (Male) |
| 23:48 | Build | Farm |
| 23:53 | Build | Mill |
| 23:54 | Build | Farm |
| 23:55 | Build | Farm |
| 23:57 | Build | Farm |
| 23:57 | Build | Farm |
| 23:58 | Build | Farm |
| 24:51 | Create | Villager (Male) |
| 24:51 | Create | Villager (Male) |
Build order — ray
First 150 of 316 actions detected
| 0:02 | Create | Villager (Male) |
| 0:02 | Create | Villager (Male) |
| 0:02 | Create | Villager (Male) |
| 0:04 | Build | House |
| 0:06 | Build | House |
| 0:49 | Create | Villager (Male) |
| 0:49 | Create | Villager (Male) |
| 1:29 | Create | Villager (Male) |
| 1:29 | Create | Villager (Male) |
| 2:18 | Create | Villager (Male) |
| 2:18 | Create | Villager (Male) |
| 2:18 | Create | Villager (Male) |
| 2:49 | Build | Lumber Camp |
| 2:52 | Create | Villager (Male) |
| 2:53 | Create | Villager (Male) |
| 2:53 | Create | Villager (Male) |
| 3:30 | Create | Villager (Male) |
| 3:30 | Create | Villager (Male) |
| 4:10 | Build | House |
| 4:12 | Build | House |
| 4:13 | Build | House |
| 4:17 | Create | Villager (Male) |
| 4:17 | Create | Villager (Male) |
| 4:39 | Create | Villager (Male) |
| 4:39 | Create | Villager (Male) |
| 4:39 | Create | Villager (Male) |
| 4:48 | Build | House |
| 5:12 | Build | Palisade Wall |
| 5:31 | Create | Villager (Male) |
| 5:31 | Create | Villager (Male) |
| 5:50 | Create | Villager (Male) |
| 5:50 | Create | Villager (Male) |
| 6:39 | Create | Villager (Male) |
| 7:18 | Build | Mill |
| 7:30 | Build | Mining Camp |
| 7:49 | Build | Mining Camp |
| 8:00 | Create | Villager (Male) |
| 8:00 | Create | Villager (Male) |
| 8:00 | Create | Villager (Male) |
| 8:50 | Build | Mill |
| 9:04 | Research | Loom |
| 9:04 | Research | Feudal Age |
| 10:07 | Build | Palisade Gate |
| 10:53 | Build | Barracks |
| 11:06 | Create | Villager (Male) |
| 11:07 | Create | Villager (Male) |
| 11:50 | Age | Feudal Age |
| 11:52 | Create | Spearman |
| 12:11 | Build | Stable |
| 12:29 | Create | Villager (Male) |
| 12:29 | Create | Villager (Male) |
| 12:43 | Create | Villager (Male) |
| 12:45 | Build | Farm |
| 12:46 | Build | Farm |
| 12:46 | Build | Farm |
| 12:46 | Build | Farm |
| 12:53 | Build | Farm |
| 13:17 | Build | Market |
| 13:57 | Create | Villager (Male) |
| 14:04 | Create | Spearman |
| 14:25 | Build | Mining Camp |
| 14:27 | Research | Castle Age |
| 15:06 | Create | Scout Cavalry |
| 15:06 | Create | Scout Cavalry |
| 15:06 | Create | Scout Cavalry |
| 15:16 | Research | Horse Collar |
| 15:32 | Research | Double-Bit Axe |
| 15:43 | Build | Farm |
| 15:43 | Build | Farm |
| 15:43 | Build | Farm |
| 16:20 | Research | Bloodlines |
| 16:42 | Create | Spearman |
| 16:52 | Build | Outpost |
| 17:07 | Age | Castle Age |
| 17:18 | Create | Villager (Male) |
| 17:19 | Create | Villager (Male) |
| 17:19 | Create | Villager (Male) |
| 17:19 | Create | Villager (Male) |
| 17:46 | Build | Monastery |
| 18:09 | Build | Town Center |
| 18:47 | Create | Villager (Male) |
| 18:47 | Create | Villager (Male) |
| 18:47 | Create | Villager (Male) |
| 18:51 | Build | House |
| 18:52 | Build | House |
| 18:54 | Build | House |
| 19:04 | Research | Bow Saw |
| 19:20 | Create | Spearman |
| 19:20 | Create | Spearman |
| 19:35 | Build | Farm |
| 19:36 | Build | Farm |
| 19:50 | Create | Villager (Male) |
| 19:50 | Create | Villager (Male) |
| 19:53 | Build | Farm |
| 19:53 | Build | Farm |
| 19:59 | Build | Farm |
| 20:12 | Create | Monk |
| 20:24 | Research | Town Watch |
| 20:42 | Create | Villager (Male) |
| 20:42 | Create | Villager (Male) |
| 21:04 | Create | Villager (Male) |
| 21:04 | Create | Villager (Male) |
| 21:07 | Research | Wheelbarrow |
| 21:21 | Build | Castle |
| 21:29 | Research | Pikeman (upgrade) |
| 21:32 | Create | Villager (Male) |
| 21:33 | Create | Villager (Male) |
| 21:33 | Create | Villager (Male) |
| 21:53 | Build | Farm |
| 22:32 | Create | Villager (Male) |
| 22:39 | Build | Mill |
| 22:45 | Create | Villager (Male) |
| 22:46 | Create | Villager (Male) |
| 22:46 | Create | Villager (Male) |
| 22:53 | Build | Farm |
| 22:55 | Build | Farm |
| 23:03 | Build | Town Center |
| 23:26 | Create | Villager (Male) |
| 23:26 | Create | Villager (Male) |
| 23:27 | Create | Villager (Male) |
| 23:37 | Build | House |
| 23:38 | Build | House |
| 23:39 | Build | House |
| 23:53 | Build | Mining Camp |
| 24:08 | Build | Farm |
| 24:09 | Create | Villager (Male) |
| 24:09 | Create | Villager (Male) |
| 24:32 | Research | Gold Mining |
| 24:39 | Create | Boyar |
| 24:39 | Create | Boyar |
| 24:39 | Create | Boyar |
| 25:19 | Research | Tech 455 |
| 25:37 | Create | Villager (Male) |
| 25:37 | Create | Villager (Male) |
| 25:37 | Create | Villager (Male) |
| 25:42 | Create | Villager (Male) |
| 25:42 | Create | Villager (Male) |
| 25:42 | Create | Villager (Male) |
| 25:44 | Create | Villager (Male) |
| 25:44 | Create | Villager (Male) |
| 25:44 | Create | Villager (Male) |
| 25:48 | Build | Farm |
| 25:49 | Build | Farm |
| 26:12 | Build | Blacksmith |
| 26:20 | Build | Stone Wall |
| 26:43 | Build | Castle |
| 27:06 | Build | Siege Workshop |
| 27:39 | Create | Mangonel |
| 28:04 | Create | Villager (Male) |
| 28:04 | Create | Villager (Male) |
Build order — OzoneMX2022
First 150 of 309 actions detected
| 0:02 | Create | Villager (Male) |
| 0:02 | Create | Villager (Male) |
| 0:02 | Create | Villager (Male) |
| 0:03 | Build | House |
| 0:04 | Build | House |
| 0:35 | Create | Villager (Male) |
| 1:27 | Create | Villager (Male) |
| 1:59 | Build | Lumber Camp |
| 2:35 | Create | Villager (Male) |
| 2:35 | Create | Villager (Male) |
| 2:35 | Create | Villager (Male) |
| 2:36 | Create | Villager (Male) |
| 3:29 | Create | Villager (Male) |
| 3:29 | Create | Villager (Male) |
| 3:54 | Create | Villager (Male) |
| 4:03 | Build | House |
| 4:04 | Create | Villager (Male) |
| 4:11 | Create | Villager (Male) |
| 4:25 | Build | Mill |
| 5:07 | Create | Villager (Male) |
| 5:12 | Create | Villager (Male) |
| 5:34 | Create | Villager (Male) |
| 5:50 | Create | Villager (Male) |
| 5:51 | Create | Villager (Male) |
| 5:56 | Create | Villager (Male) |
| 6:03 | Build | House |
| 6:33 | Build | Mining Camp |
| 6:43 | Build | Palisade Wall |
| 7:53 | Build | Lumber Camp |
| 8:21 | Create | Villager (Male) |
| 8:25 | Research | Feudal Age |
| 10:02 | Build | Barracks |
| 10:13 | Build | House |
| 10:35 | Age | Feudal Age |
| 10:39 | Create | Villager (Male) |
| 10:39 | Create | Villager (Male) |
| 10:39 | Create | Villager (Male) |
| 10:59 | Build | Palisade Wall |
| 11:03 | Build | Stable |
| 11:09 | Build | Blacksmith |
| 11:49 | Build | Palisade Wall |
| 12:06 | Create | Villager (Male) |
| 12:43 | Research | Castle Age |
| 13:22 | Research | Double-Bit Axe |
| 13:23 | Research | Double-Bit Axe |
| 13:26 | Build | Farm |
| 13:29 | Build | Farm |
| 13:31 | Build | Farm |
| 13:32 | Build | Farm |
| 14:13 | Build | Farm |
| 14:17 | Build | Farm |
| 15:23 | Create | Villager (Male) |
| 15:23 | Age | Castle Age |
| 15:25 | Build | House |
| 15:29 | Build | Town Center |
| 15:39 | Create | Knight |
| 15:42 | Research | Bow Saw |
| 15:57 | Create | Villager (Male) |
| 16:09 | Build | Farm |
| 16:20 | Build | Town Center |
| 16:29 | Create | Villager (Male) |
| 16:38 | Build | Palisade Gate |
| 17:02 | Create | Villager (Male) |
| 17:03 | Create | Villager (Male) |
| 17:21 | Create | Villager (Male) |
| 17:28 | Create | Villager (Male) |
| 17:37 | Build | House |
| 17:38 | Build | House |
| 17:52 | Create | Villager (Male) |
| 17:54 | Create | Villager (Male) |
| 18:16 | Create | Villager (Male) |
| 18:18 | Create | Villager (Male) |
| 18:19 | Create | Villager (Male) |
| 18:43 | Create | Villager (Male) |
| 18:44 | Create | Villager (Male) |
| 18:46 | Create | Villager (Male) |
| 18:48 | Build | Farm |
| 18:50 | Build | Farm |
| 19:15 | Create | Villager (Male) |
| 19:15 | Create | Villager (Male) |
| 19:16 | Create | Villager (Male) |
| 19:19 | Build | House |
| 19:19 | Build | House |
| 19:42 | Research | Wheelbarrow |
| 19:42 | Create | Villager (Male) |
| 19:43 | Create | Villager (Male) |
| 20:00 | Create | Villager (Male) |
| 20:01 | Create | Villager (Male) |
| 20:02 | Create | Villager (Male) |
| 20:11 | Research | Horse Collar |
| 20:11 | Research | Horse Collar |
| 20:13 | Research | Gold Mining |
| 20:13 | Research | Gold Mining |
| 20:20 | Build | Lumber Camp |
| 20:27 | Build | House |
| 20:28 | Build | House |
| 20:48 | Build | Lumber Camp |
| 21:03 | Create | Knight |
| 21:10 | Create | Villager (Male) |
| 21:11 | Create | Villager (Male) |
| 21:11 | Create | Villager (Male) |
| 21:22 | Research | Scale Barding Armor |
| 21:22 | Research | Scale Barding Armor |
| 21:28 | Build | Town Center |
| 21:31 | Build | House |
| 21:33 | Build | Stone Wall |
| 21:39 | Build | Stone Wall |
| 21:59 | Create | Villager (Male) |
| 22:00 | Create | Villager (Male) |
| 22:00 | Create | Villager (Male) |
| 22:22 | Create | Villager (Male) |
| 22:22 | Create | Villager (Male) |
| 22:35 | Build | Farm |
| 22:35 | Build | Farm |
| 22:35 | Build | Farm |
| 22:36 | Build | Farm |
| 22:40 | Create | Villager (Male) |
| 22:44 | Build | Farm |
| 22:45 | Build | Farm |
| 22:47 | Build | Farm |
| 22:51 | Build | Farm |
| 22:56 | Create | Villager (Male) |
| 23:05 | Create | Knight |
| 23:15 | Create | Villager (Male) |
| 23:18 | Build | Farm |
| 23:52 | Create | Villager (Male) |
| 23:52 | Create | Villager (Male) |
| 23:53 | Create | Villager (Male) |
| 23:53 | Create | Villager (Male) |
| 24:13 | Create | Villager (Male) |
| 24:13 | Create | Villager (Male) |
| 24:14 | Create | Villager (Male) |
| 24:25 | Create | Villager (Male) |
| 24:25 | Create | Villager (Male) |
| 24:26 | Create | Villager (Male) |
| 24:35 | Create | Villager (Male) |
| 24:36 | Create | Villager (Male) |
| 24:36 | Create | Villager (Male) |
| 24:47 | Research | Bloodlines |
| 24:50 | Build | Stable |
| 24:50 | Build | Stable |
| 24:53 | Create | Villager (Male) |
| 25:07 | Create | Villager (Male) |
| 25:08 | Create | Villager (Male) |
| 25:20 | Build | Mill |
| 25:20 | Build | Farm |
| 25:21 | Build | Farm |
| 25:21 | Build | Farm |
| 25:21 | Build | Farm |
| 25:21 | Build | Farm |
Build order — tathung
First 150 of 510 actions detected
| 0:02 | Create | Villager (Male) |
| 0:02 | Create | Villager (Male) |
| 0:02 | Create | Villager (Male) |
| 0:02 | Create | Villager (Male) |
| 0:04 | Build | House |
| 0:06 | Build | House |
| 1:27 | Create | Villager (Male) |
| 1:27 | Create | Villager (Male) |
| 1:55 | Build | Lumber Camp |
| 2:06 | Create | Villager (Male) |
| 2:07 | Create | Villager (Male) |
| 2:20 | Create | Villager (Male) |
| 2:20 | Create | Villager (Male) |
| 2:56 | Create | Villager (Male) |
| 2:57 | Create | Villager (Male) |
| 2:58 | Create | Villager (Male) |
| 2:59 | Create | Villager (Male) |
| 3:04 | Build | House |
| 3:48 | Build | House |
| 3:56 | Create | Villager (Male) |
| 3:56 | Create | Villager (Male) |
| 3:57 | Create | Villager (Male) |
| 4:16 | Create | Villager (Male) |
| 4:16 | Create | Villager (Male) |
| 4:22 | Build | House |
| 4:32 | Create | Villager (Male) |
| 4:32 | Create | Villager (Male) |
| 4:40 | Build | Mill |
| 4:57 | Create | Villager (Male) |
| 4:57 | Create | Villager (Male) |
| 5:38 | Create | Villager (Male) |
| 5:38 | Create | Villager (Male) |
| 5:56 | Create | Villager (Male) |
| 5:56 | Create | Villager (Male) |
| 6:29 | Create | Villager (Male) |
| 6:30 | Create | Villager (Male) |
| 6:59 | Build | House |
| 7:00 | Build | House |
| 7:02 | Create | Villager (Male) |
| 7:02 | Create | Villager (Male) |
| 7:09 | Build | Palisade Gate |
| 7:13 | Create | Villager (Male) |
| 7:13 | Create | Villager (Male) |
| 7:39 | Create | Villager (Male) |
| 7:39 | Create | Villager (Male) |
| 7:59 | Create | Villager (Male) |
| 7:59 | Create | Villager (Male) |
| 8:00 | Create | Villager (Male) |
| 8:10 | Create | Villager (Male) |
| 8:16 | Build | Mining Camp |
| 8:28 | Create | Villager (Male) |
| 8:28 | Create | Villager (Male) |
| 8:29 | Create | Villager (Male) |
| 8:57 | Create | Villager (Male) |
| 9:52 | Create | Villager (Male) |
| 9:59 | Research | Feudal Age |
| 12:21 | Age | Feudal Age |
| 12:22 | Research | Castle Age |
| 12:22 | Research | Castle Age |
| 12:26 | Research | Double-Bit Axe |
| 12:26 | Research | Double-Bit Axe |
| 13:03 | Build | House |
| 13:06 | Build | House |
| 13:08 | Build | House |
| 13:09 | Build | House |
| 13:11 | Build | House |
| 13:14 | Research | Horse Collar |
| 13:14 | Research | Horse Collar |
| 13:18 | Build | Farm |
| 13:20 | Build | Farm |
| 13:21 | Build | Farm |
| 13:22 | Build | Farm |
| 13:23 | Build | Farm |
| 13:26 | Build | Farm |
| 13:30 | Build | Farm |
| 14:40 | Create | Villager (Male) |
| 14:56 | Create | Villager (Male) |
| 15:02 | Age | Castle Age |
| 15:05 | Build | Town Center |
| 15:10 | Build | Town Center |
| 15:13 | Research | Bow Saw |
| 15:16 | Research | Heavy Plow |
| 15:21 | Create | Villager (Male) |
| 15:25 | Create | Villager (Male) |
| 15:36 | Build | Farm |
| 15:46 | Research | Wheelbarrow |
| 15:48 | Create | Villager (Male) |
| 16:04 | Create | Villager (Male) |
| 16:04 | Create | Villager (Male) |
| 16:12 | Build | Farm |
| 16:18 | Create | Villager (Male) |
| 16:18 | Create | Villager (Male) |
| 16:21 | Create | Villager (Male) |
| 16:34 | Create | Villager (Male) |
| 16:42 | Create | Villager (Male) |
| 16:48 | Build | Farm |
| 16:50 | Build | Farm |
| 16:53 | Build | Farm |
| 16:56 | Create | Villager (Male) |
| 16:56 | Create | Villager (Male) |
| 16:56 | Create | Villager (Male) |
| 17:16 | Create | Villager (Male) |
| 17:19 | Build | Farm |
| 17:21 | Build | Farm |
| 17:24 | Build | Farm |
| 17:25 | Create | Villager (Male) |
| 17:39 | Build | Farm |
| 17:43 | Create | Villager (Male) |
| 17:43 | Create | Villager (Male) |
| 17:52 | Build | Farm |
| 17:54 | Create | Villager (Male) |
| 17:59 | Create | Villager (Male) |
| 18:09 | Build | Farm |
| 18:10 | Build | Farm |
| 18:12 | Create | Villager (Male) |
| 18:25 | Create | Villager (Male) |
| 18:37 | Create | Villager (Male) |
| 18:52 | Build | Town Center |
| 18:58 | Create | Villager (Male) |
| 18:58 | Create | Villager (Male) |
| 19:01 | Create | Villager (Male) |
| 19:01 | Create | Villager (Male) |
| 19:06 | Build | Farm |
| 19:07 | Build | Farm |
| 19:10 | Build | Farm |
| 19:10 | Build | Farm |
| 19:10 | Build | Farm |
| 19:11 | Build | Farm |
| 19:13 | Create | Villager (Male) |
| 19:13 | Create | Villager (Male) |
| 19:25 | Build | Palisade Wall |
| 19:29 | Build | Palisade Wall |
| 19:34 | Build | Palisade Wall |
| 19:39 | Create | Villager (Male) |
| 19:39 | Create | Villager (Male) |
| 19:39 | Create | Villager (Male) |
| 19:44 | Build | Farm |
| 19:46 | Create | Villager (Male) |
| 19:49 | Research | Stone Mining |
| 19:49 | Research | Stone Mining |
| 19:51 | Create | Villager (Male) |
| 19:51 | Create | Villager (Male) |
| 19:53 | Research | Gold Mining |
| 19:56 | Build | Farm |
| 20:03 | Build | Farm |
| 20:06 | Create | Villager (Male) |
| 20:06 | Create | Villager (Male) |
| 20:10 | Create | Villager (Male) |
| 20:22 | Create | Villager (Male) |
| 20:22 | Create | Villager (Male) |
Build order — Grimbel
First 150 of 257 actions detected
| 0:02 | Create | Villager (Male) |
| 0:02 | Create | Villager (Male) |
| 0:02 | Create | Villager (Male) |
| 0:03 | Create | Villager (Male) |
| 0:06 | Build | House |
| 0:07 | Build | House |
| 1:49 | Create | Villager (Male) |
| 1:49 | Create | Villager (Male) |
| 2:09 | Create | Villager (Male) |
| 2:12 | Create | Villager (Male) |
| 2:19 | Build | Lumber Camp |
| 2:41 | Create | Villager (Male) |
| 3:05 | Create | Villager (Male) |
| 3:40 | Create | Villager (Male) |
| 3:42 | Create | Villager (Male) |
| 3:56 | Build | House |
| 3:57 | Build | House |
| 4:01 | Create | Villager (Male) |
| 4:23 | Create | Villager (Male) |
| 4:40 | Build | Palisade Wall |
| 5:12 | Create | Villager (Male) |
| 5:16 | Build | House |
| 5:19 | Create | Villager (Male) |
| 5:37 | Create | Villager (Male) |
| 5:52 | Create | Villager (Male) |
| 6:20 | Build | Mill |
| 6:21 | Create | Villager (Male) |
| 6:29 | Create | Villager (Male) |
| 6:50 | Create | Villager (Male) |
| 6:56 | Build | Mining Camp |
| 6:59 | Create | Villager (Male) |
| 7:33 | Build | Farm |
| 7:40 | Create | Villager (Male) |
| 8:08 | Build | Farm |
| 8:34 | Build | Mining Camp |
| 8:51 | Research | Feudal Age |
| 10:11 | Build | Lumber Camp |
| 10:26 | Build | Farm |
| 10:33 | Build | Farm |
| 10:40 | Create | Villager (Male) |
| 10:40 | Create | Villager (Male) |
| 11:05 | Build | Farm |
| 11:16 | Create | Villager (Male) |
| 11:29 | Age | Feudal Age |
| 11:37 | Research | Double-Bit Axe |
| 11:46 | Build | Gate |
| 11:52 | Build | Stone Wall |
| 11:54 | Build | Stone Wall |
| 12:08 | Create | Villager (Male) |
| 12:14 | Build | Market |
| 12:40 | Build | Blacksmith |
| 12:46 | Create | Villager (Male) |
| 12:47 | Create | Villager (Male) |
| 13:00 | Build | Farm |
| 13:20 | Build | House |
| 13:21 | Build | House |
| 13:26 | Research | Loom |
| 13:40 | Research | Castle Age |
| 13:58 | Research | Horse Collar |
| 14:24 | Research | Gold Mining |
| 14:40 | Create | Villager (Male) |
| 14:40 | Create | Villager (Male) |
| 16:21 | Build | Barracks |
| 16:31 | Age | Castle Age |
| 16:33 | Research | Bow Saw |
| 16:33 | Research | Bow Saw |
| 16:34 | Research | Heavy Plow |
| 16:36 | Create | Villager (Male) |
| 17:18 | Create | Spearman |
| 17:18 | Create | Spearman |
| 17:24 | Create | Villager (Male) |
| 17:25 | Create | Villager (Male) |
| 17:38 | Build | Farm |
| 17:42 | Build | Farm |
| 17:55 | Create | Villager (Male) |
| 18:12 | Build | Castle |
| 18:19 | Build | Siege Workshop |
| 18:22 | Research | Pikeman (upgrade) |
| 18:35 | Create | Spearman |
| 18:35 | Create | Spearman |
| 18:46 | Create | Villager (Male) |
| 18:52 | Build | Farm |
| 18:53 | Build | Farm |
| 18:55 | Build | Farm |
| 18:57 | Build | Farm |
| 19:00 | Build | Farm |
| 19:04 | Create | Battering Ram |
| 19:09 | Create | Battering Ram |
| 19:11 | Create | Villager (Male) |
| 19:30 | Build | House |
| 19:31 | Build | House |
| 19:33 | Build | House |
| 19:39 | Create | Battering Ram |
| 19:41 | Create | Villager (Male) |
| 19:49 | Create | Teutonic Knight |
| 19:49 | Create | Teutonic Knight |
| 19:59 | Build | Farm |
| 20:02 | Build | Farm |
| 20:06 | Build | Farm |
| 20:07 | Create | Villager (Male) |
| 20:10 | Create | Teutonic Knight |
| 20:26 | Create | Spearman |
| 20:36 | Create | Villager (Male) |
| 20:40 | Create | Villager (Male) |
| 20:43 | Build | Farm |
| 20:46 | Build | Farm |
| 20:51 | Build | Farm |
| 20:58 | Create | Teutonic Knight |
| 21:06 | Build | Farm |
| 21:10 | Create | Villager (Male) |
| 21:18 | Create | Battering Ram |
| 21:30 | Create | Teutonic Knight |
| 21:37 | Build | Farm |
| 21:45 | Create | Teutonic Knight |
| 21:49 | Create | Villager (Male) |
| 21:55 | Build | Farm |
| 22:05 | Create | Teutonic Knight |
| 22:06 | Create | Teutonic Knight |
| 22:10 | Create | Spearman |
| 22:11 | Create | Spearman |
| 22:23 | Create | Teutonic Knight |
| 22:28 | Build | Farm |
| 22:30 | Create | Villager (Male) |
| 22:39 | Create | Teutonic Knight |
| 22:41 | Create | Battering Ram |
| 22:46 | Create | Villager (Male) |
| 22:58 | Build | House |
| 23:00 | Build | Farm |
| 23:05 | Create | Teutonic Knight |
| 23:12 | Create | Petard |
| 23:15 | Create | Spearman |
| 23:16 | Create | Spearman |
| 23:30 | Create | Petard |
| 23:43 | Create | Spearman |
| 23:46 | Research | Squires |
| 23:58 | Build | Farm |
| 23:59 | Create | Villager (Male) |
| 24:08 | Research | Scale Mail Armor |
| 24:24 | Research | Forging |
| 24:35 | Research | Arson |
| 25:12 | Research | Chain Mail Armor |
| 25:48 | Research | Iron Casting |
| 25:51 | Research | Ironclad |
| 26:03 | Build | Farm |
| 26:04 | Create | Villager (Male) |
| 26:07 | Research | Wheelbarrow |
| 27:52 | Research | Fletching |
| 27:55 | Research | Hand Cart |
| 27:56 | Research | Town Watch |
| 28:00 | Create | Spearman ×5 |
Build order — 肆泯
First 150 of 361 actions detected
| 0:01 | Create | Villager (Male) |
| 0:01 | Create | Villager (Male) |
| 0:02 | Create | Villager (Male) |
| 0:03 | Build | House |
| 0:05 | Build | House |
| 0:12 | Create | Villager (Male) |
| 1:30 | Build | Palisade Gate |
| 1:35 | Build | Palisade Wall |
| 1:45 | Create | Villager (Male) |
| 1:45 | Create | Villager (Male) |
| 2:08 | Create | Villager (Male) |
| 2:22 | Create | Villager (Male) |
| 3:06 | Create | Villager (Male) |
| 3:06 | Create | Villager (Male) |
| 3:14 | Build | Lumber Camp |
| 3:43 | Create | Villager (Male) |
| 4:12 | Create | Villager (Male) |
| 4:12 | Create | Villager (Male) |
| 4:28 | Build | House |
| 4:37 | Create | Villager (Male) |
| 4:56 | Create | Villager (Male) |
| 4:57 | Create | Villager (Male) |
| 5:24 | Create | Villager (Male) |
| 5:25 | Create | Villager (Male) |
| 5:37 | Create | Villager (Male) |
| 6:05 | Create | Villager (Male) |
| 6:13 | Build | House |
| 6:48 | Build | Mill |
| 6:52 | Build | Mill |
| 7:03 | Create | Villager (Male) |
| 7:03 | Create | Villager (Male) |
| 7:39 | Build | Mining Camp |
| 8:00 | Create | Villager (Male) |
| 8:07 | Create | Villager (Male) |
| 8:21 | Research | Feudal Age |
| 9:05 | Create | Villager (Male) |
| 10:06 | Create | Villager (Male) |
| 10:35 | Research | Loom |
| 10:35 | Age | Feudal Age |
| 10:38 | Research | Loom |
| 10:39 | Create | Villager (Male) |
| 10:44 | Build | Town Center |
| 11:46 | Build | House |
| 12:00 | Create | Villager (Male) |
| 12:43 | Create | Villager (Male) |
| 12:44 | Create | Villager (Male) |
| 12:46 | Create | Villager (Male) |
| 12:46 | Create | Villager (Male) |
| 12:50 | Research | Horse Collar |
| 12:52 | Research | Double-Bit Axe |
| 12:58 | Build | Farm |
| 12:59 | Build | Farm |
| 13:00 | Build | Farm |
| 13:03 | Build | Farm |
| 13:19 | Create | Villager (Male) |
| 13:27 | Build | Mill |
| 13:30 | Create | Villager (Male) |
| 13:38 | Build | Farm |
| 13:45 | Create | Villager (Male) |
| 13:46 | Create | Villager (Male) |
| 13:49 | Create | Villager (Male) |
| 14:01 | Create | Villager (Male) |
| 14:05 | Build | House |
| 14:09 | Create | Villager (Male) |
| 14:45 | Create | Villager (Male) |
| 14:54 | Create | Villager (Male) |
| 14:54 | Create | Villager (Male) |
| 15:11 | Build | Mining Camp |
| 15:13 | Create | Villager (Male) |
| 15:13 | Create | Villager (Male) |
| 15:32 | Create | Villager (Male) |
| 15:33 | Create | Villager (Male) |
| 15:49 | Build | House |
| 15:51 | Build | House |
| 15:59 | Build | House |
| 16:02 | Build | Market |
| 16:07 | Build | Blacksmith |
| 16:08 | Create | Villager (Male) |
| 16:09 | Create | Villager (Male) |
| 16:17 | Build | House |
| 16:26 | Create | Villager (Male) |
| 16:40 | Create | Villager (Male) |
| 16:59 | Build | Farm |
| 17:07 | Build | Farm |
| 17:15 | Create | Villager (Male) |
| 17:37 | Create | Villager (Male) |
| 17:49 | Build | Farm |
| 17:50 | Build | Farm |
| 18:01 | Build | Barracks |
| 18:16 | Research | Castle Age |
| 18:23 | Build | Farm |
| 18:27 | Build | Farm |
| 18:28 | Build | Farm |
| 18:37 | Build | Stable |
| 18:46 | Create | Villager (Male) |
| 18:46 | Create | Villager (Male) |
| 18:56 | Build | Stable |
| 18:59 | Build | Stable |
| 19:03 | Research | Forging |
| 19:32 | Create | Villager (Male) |
| 19:36 | Research | Bloodlines |
| 20:13 | Create | Villager (Male) |
| 20:20 | Create | Spearman |
| 20:30 | Create | Villager (Male) |
| 20:47 | Create | Villager (Male) |
| 20:56 | Age | Castle Age |
| 20:58 | Create | Knight |
| 20:59 | Create | Knight |
| 20:59 | Create | Knight |
| 21:09 | Research | Heavy Plow |
| 21:20 | Build | Farm |
| 21:22 | Build | Farm |
| 21:22 | Create | Villager (Male) |
| 21:23 | Create | Villager (Male) |
| 21:24 | Create | Villager (Male) |
| 21:26 | Create | Knight |
| 21:27 | Create | Knight |
| 21:42 | Create | Villager (Male) |
| 21:42 | Create | Villager (Male) |
| 22:00 | Build | House |
| 22:01 | Build | House |
| 22:03 | Build | House |
| 22:05 | Build | House |
| 22:11 | Create | Knight |
| 22:11 | Create | Knight |
| 22:11 | Create | Knight |
| 22:19 | Build | Farm |
| 22:20 | Build | Farm |
| 22:23 | Research | Gold Mining |
| 22:39 | Research | Scale Barding Armor |
| 22:59 | Create | Knight |
| 23:00 | Create | Knight |
| 23:02 | Create | Villager (Male) |
| 23:14 | Build | Farm |
| 23:18 | Build | Farm |
| 23:20 | Create | Knight |
| 23:20 | Create | Knight |
| 23:22 | Create | Villager (Male) |
| 23:27 | Build | Farm |
| 23:32 | Build | House |
| 23:35 | Build | House |
| 23:36 | Build | House |
| 23:37 | Build | House |
| 23:38 | Build | House |
| 23:55 | Create | Knight |
| 23:55 | Create | Knight |
| 24:19 | Create | Knight |
| 24:19 | Create | Knight |
| 24:21 | Create | Knight |
| 24:21 | Create | Knight |
Build order — 窝佬攻大人
First 150 of 371 actions detected
| 0:01 | Create | Villager (Male) |
| 0:02 | Create | Villager (Male) |
| 0:03 | Build | House |
| 0:04 | Build | House |
| 0:12 | Create | Villager (Male) |
| 0:13 | Create | Villager (Male) |
| 1:27 | Create | Villager (Male) |
| 1:27 | Create | Villager (Male) |
| 1:27 | Create | Villager (Male) |
| 1:50 | Build | Lumber Camp |
| 2:03 | Create | Villager (Male) |
| 2:03 | Create | Villager (Male) |
| 2:03 | Create | Villager (Male) |
| 2:33 | Create | Villager (Male) |
| 2:33 | Create | Villager (Male) |
| 2:40 | Build | House |
| 2:43 | Build | House |
| 2:56 | Create | Villager (Male) |
| 2:57 | Create | Villager (Male) |
| 3:25 | Create | Villager (Male) |
| 3:25 | Create | Villager (Male) |
| 3:25 | Create | Villager (Male) |
| 4:07 | Build | Palisade Wall |
| 4:35 | Create | Villager (Male) |
| 4:46 | Create | Villager (Male) |
| 4:55 | Create | Villager (Male) |
| 5:23 | Build | Palisade Wall |
| 5:24 | Create | Villager (Male) |
| 5:39 | Build | Mill |
| 6:04 | Create | Villager (Male) |
| 6:29 | Create | Villager (Male) |
| 6:50 | Create | Villager (Male) |
| 7:12 | Build | Mining Camp |
| 7:22 | Create | Villager (Male) |
| 7:22 | Create | Villager (Male) |
| 7:33 | Create | Villager (Male) |
| 8:02 | Build | House |
| 8:07 | Research | Feudal Age |
| 8:38 | Create | Villager (Male) |
| 8:38 | Create | Villager (Male) |
| 10:55 | Age | Feudal Age |
| 10:59 | Build | Market |
| 11:06 | Build | Blacksmith |
| 11:52 | Research | Castle Age |
| 11:52 | Research | Castle Age |
| 11:58 | Build | House |
| 12:57 | Create | Villager (Male) |
| 13:12 | Build | Barracks |
| 14:01 | Build | Lumber Camp |
| 14:10 | Research | Double-Bit Axe |
| 14:18 | Create | Spearman |
| 14:22 | Build | Archery Range |
| 14:32 | Age | Castle Age |
| 14:33 | Create | Villager (Male) |
| 14:42 | Create | Villager (Male) |
| 14:56 | Create | Archer |
| 15:08 | Build | Town Center |
| 15:13 | Create | Archer |
| 15:14 | Create | Spearman |
| 15:23 | Build | Palisade Wall |
| 15:44 | Create | Spearman |
| 15:53 | Create | Archer |
| 16:05 | Create | Archer |
| 16:21 | Create | Villager (Male) |
| 16:48 | Research | Loom |
| 17:02 | Create | Villager (Male) |
| 17:04 | Create | Archer |
| 17:20 | Create | Villager (Male) |
| 17:23 | Build | Farm |
| 17:26 | Create | Villager (Male) |
| 17:33 | Create | Villager (Male) |
| 17:34 | Create | Villager (Male) |
| 17:46 | Build | Siege Workshop |
| 17:54 | Create | Villager (Male) |
| 17:57 | Create | Archer |
| 18:02 | Build | House |
| 18:03 | Build | House |
| 18:07 | Build | Gate |
| 18:39 | Create | Mangonel |
| 18:50 | Create | Villager (Male) |
| 19:11 | Build | Farm |
| 19:24 | Create | Mangonel |
| 19:51 | Create | Villager (Male) |
| 20:06 | Create | Mangonel |
| 20:24 | Build | Mining Camp |
| 20:31 | Create | Villager (Male) |
| 20:45 | Build | House |
| 20:50 | Build | Farm |
| 20:52 | Build | Farm |
| 21:05 | Build | Farm |
| 21:07 | Build | Farm |
| 21:23 | Build | House |
| 21:24 | Build | House |
| 21:25 | Create | Villager (Male) |
| 21:26 | Create | Villager (Male) |
| 21:41 | Create | Villager (Male) |
| 21:55 | Create | Villager (Male) |
| 21:59 | Build | Farm |
| 22:10 | Build | Town Center |
| 22:23 | Create | Villager (Male) |
| 22:23 | Create | Villager (Male) |
| 22:38 | Build | Farm |
| 22:40 | Create | Villager (Male) |
| 22:40 | Create | Villager (Male) |
| 22:59 | Create | Villager (Male) |
| 23:00 | Create | Villager (Male) |
| 23:02 | Build | Farm |
| 23:15 | Create | Villager (Male) |
| 23:16 | Create | Villager (Male) |
| 23:33 | Create | Villager (Male) |
| 23:34 | Create | Villager (Male) |
| 23:43 | Create | Villager (Male) |
| 23:46 | Build | Farm |
| 23:47 | Build | Farm |
| 24:08 | Create | Villager (Male) |
| 24:19 | Create | Villager (Male) |
| 24:20 | Create | Villager (Male) |
| 24:44 | Create | Villager (Male) |
| 24:45 | Create | Villager (Male) |
| 24:46 | Create | Villager (Male) |
| 24:46 | Create | Villager (Male) |
| 24:49 | Build | Farm |
| 24:51 | Build | Farm |
| 25:02 | Build | Archery Range |
| 25:04 | Build | Archery Range |
| 25:06 | Build | Archery Range |
| 25:07 | Build | Archery Range |
| 25:08 | Build | Archery Range |
| 25:13 | Create | Villager (Male) |
| 25:13 | Create | Villager (Male) |
| 25:14 | Create | Villager (Male) |
| 25:16 | Build | Farm |
| 25:31 | Build | Town Center |
| 25:33 | Create | Villager (Male) |
| 25:37 | Build | Farm |
| 25:40 | Create | Archer |
| 25:42 | Create | Archer |
| 25:44 | Create | Mangonel |
| 25:47 | Create | Villager (Male) |
| 25:48 | Create | Villager (Male) |
| 25:49 | Create | Villager (Male) |
| 25:52 | Build | Farm |
| 26:01 | Build | Farm |
| 26:11 | Create | Archer |
| 26:19 | Research | Gold Mining |
| 26:23 | Create | Villager (Male) |
| 26:23 | Create | Villager (Male) |
| 26:28 | Build | Farm |
| 26:32 | Build | Farm |
| 26:34 | Create | Archer |
Build order — 我的手和脚打起来了,为了手赢我要打脚
First 150 of 349 actions detected
| 0:03 | Build | House |
| 0:05 | Build | House |
| 0:05 | Create | Villager (Male) ×4 |
| 0:17 | Research | Loom |
| 1:31 | Create | Villager (Male) |
| 2:14 | Create | Villager (Male) |
| 2:26 | Create | Villager (Male) |
| 2:43 | Build | Lumber Camp |
| 3:08 | Create | Villager (Male) |
| 3:08 | Create | Villager (Male) |
| 3:36 | Create | Villager (Male) |
| 3:45 | Create | Villager (Male) |
| 3:49 | Build | House |
| 4:48 | Create | Villager (Male) ×3 |
| 4:52 | Build | House |
| 5:30 | Create | Villager (Male) |
| 5:38 | Build | Mill |
| 5:45 | Create | Villager (Male) |
| 6:24 | Create | Villager (Male) |
| 7:14 | Build | Barracks |
| 7:44 | Create | Villager (Male) |
| 8:07 | Build | House |
| 8:22 | Research | Feudal Age |
| 8:28 | Build | Mining Camp |
| 9:27 | Build | House |
| 9:38 | Build | Palisade Wall |
| 9:40 | Build | Palisade Gate |
| 9:59 | Create | Villager (Male) |
| 10:32 | Age | Feudal Age |
| 10:34 | Build | Archery Range |
| 10:39 | Create | Villager (Male) |
| 11:39 | Build | Mill |
| 11:54 | Create | Spearman |
| 12:01 | Create | Villager (Male) |
| 12:47 | Research | Wheelbarrow |
| 12:52 | Create | Villager (Male) |
| 12:55 | Build | Blacksmith |
| 13:15 | Create | Villager (Male) |
| 13:53 | Research | Castle Age |
| 13:53 | Research | Castle Age |
| 13:54 | Research | Castle Age |
| 13:54 | Research | Castle Age |
| 13:56 | Create | Archer |
| 14:15 | Research | Double-Bit Axe |
| 14:16 | Research | Double-Bit Axe |
| 14:18 | Create | Archer |
| 14:58 | Create | Villager (Male) |
| 15:12 | Research | Horse Collar |
| 15:22 | Research | Fletching |
| 15:25 | Create | Archer |
| 15:57 | Create | Archer |
| 16:08 | Build | Archery Range |
| 16:13 | Create | Archer |
| 16:33 | Age | Castle Age |
| 16:42 | Create | Archer |
| 16:42 | Create | Archer |
| 16:44 | Create | Villager (Male) ×5 |
| 17:19 | Build | House |
| 17:32 | Create | Villager (Male) |
| 17:37 | Research | Crossbowman (upgrade) |
| 18:02 | Build | Watch Tower |
| 18:04 | Create | Villager (Male) |
| 18:09 | Build | Farm |
| 18:09 | Build | Farm |
| 18:17 | Build | Farm |
| 18:23 | Build | Farm |
| 18:25 | Build | Farm |
| 18:27 | Build | Farm |
| 18:53 | Build | Farm |
| 19:26 | Create | Villager (Male) |
| 19:38 | Create | Villager (Male) |
| 19:50 | Create | Villager (Male) |
| 20:05 | Create | Villager (Male) |
| 20:12 | Build | House |
| 20:14 | Build | House |
| 20:16 | Create | Archer |
| 20:24 | Build | Farm |
| 20:29 | Create | Villager (Male) |
| 20:34 | Build | Farm |
| 20:34 | Build | Farm |
| 20:40 | Build | Farm |
| 20:40 | Build | Farm |
| 20:44 | Create | Villager (Male) |
| 20:48 | Create | Archer |
| 20:57 | Build | House |
| 21:05 | Create | Villager (Male) |
| 21:11 | Build | Farm |
| 21:24 | Create | Archer |
| 21:35 | Create | Archer |
| 21:50 | Build | Farm |
| 21:51 | Build | Farm |
| 22:05 | Create | Archer |
| 22:08 | Build | House |
| 22:09 | Build | House |
| 22:11 | Research | Bodkin Arrow |
| 22:19 | Create | Archer |
| 22:23 | Create | Villager (Male) |
| 22:41 | Build | Lumber Camp |
| 22:44 | Create | Villager (Male) |
| 23:02 | Create | Archer |
| 23:08 | Create | Villager (Male) |
| 23:11 | Build | House |
| 23:18 | Create | Archer |
| 23:38 | Create | Villager (Male) |
| 23:39 | Create | Archer |
| 23:43 | Build | House |
| 23:51 | Create | Archer |
| 24:01 | Create | Archer |
| 24:08 | Build | Archery Range |
| 24:14 | Create | Villager (Male) |
| 24:17 | Create | Villager (Male) |
| 24:30 | Create | Villager (Male) |
| 24:43 | Create | Archer |
| 24:55 | Create | Villager (Male) |
| 24:58 | Research | Thumb Ring |
| 25:05 | Create | Villager (Male) |
| 25:13 | Build | Lumber Camp |
| 25:18 | Create | Archer |
| 25:30 | Create | Villager (Male) |
| 25:43 | Build | House |
| 25:56 | Build | Archery Range |
| 26:02 | Create | Villager (Male) |
| 26:02 | Create | Skirmisher |
| 26:04 | Create | Archer |
| 26:04 | Create | Archer |
| 26:12 | Research | Wheelbarrow |
| 26:24 | Create | Archer |
| 26:30 | Research | Bow Saw |
| 26:33 | Create | Archer |
| 27:12 | Build | University |
| 27:15 | Create | Archer |
| 27:15 | Create | Archer |
| 27:15 | Create | Archer |
| 27:29 | Create | Villager (Male) |
| 27:30 | Create | Archer |
| 27:30 | Create | Archer |
| 27:38 | Build | Mining Camp |
| 27:45 | Build | Mining Camp |
| 27:47 | Create | Villager (Male) |
| 27:50 | Create | Archer |
| 27:50 | Create | Archer |
| 28:16 | Research | Ballistics |
| 28:37 | Create | Archer |
| 28:38 | Create | Archer |
| 28:38 | Create | Archer |
| 28:41 | Create | Villager (Male) |
| 28:42 | Create | Archer |
| 28:42 | Create | Archer |
| 28:42 | Create | Archer |
| 29:00 | Create | Archer |
Match timeline
| 1:35 | 肆泯 · wall_segment Palisade Wall x16 |
| 4:07 | 窝佬攻大人 · wall_segment Palisade Wall x8 |
| 4:40 | Grimbel · wall_segment Palisade Wall x17 |
| 5:12 | ray · wall_segment Palisade Wall x10 |
| 5:23 | 窝佬攻大人 · wall_segment Palisade Wall x1 |
| 6:43 | OzoneMX2022 · wall_segment Palisade Wall x6 |
| 7:14 | 我的手和脚打起来了,为了手赢我要打脚 · first_building Barracks |
| 9:38 | 我的手和脚打起来了,为了手赢我要打脚 · wall_segment Palisade Wall x1 |
| 10:02 | OzoneMX2022 · first_building Barracks |
| 10:19 | Pig-killing team member · first_building Barracks |
| 10:32 | 我的手和脚打起来了,为了手赢我要打脚 · age_up feudal |
| 10:34 | 我的手和脚打起来了,为了手赢我要打脚 · first_building Archery Range |
| 10:35 | OzoneMX2022 · age_up feudal |
| 10:35 | 肆泯 · age_up feudal |
| 10:53 | ray · first_building Barracks |
| 10:55 | 窝佬攻大人 · age_up feudal |
| 10:59 | OzoneMX2022 · wall_segment Palisade Wall x1 |
| 11:03 | OzoneMX2022 · first_building Stable |
| 11:29 | Grimbel · age_up feudal |
| 11:49 | OzoneMX2022 · wall_segment Palisade Wall x1 |
| 11:50 | ray · age_up feudal |
| 11:52 | Grimbel · wall_segment Stone Wall x10 |
| 11:54 | Grimbel · wall_segment Stone Wall x7 |
| 12:11 | ray · first_building Stable |
| 12:12 | Pig-killing team member · age_up feudal |
| 12:16 | Pig-killing team member · first_building Stable |
| 12:21 | tathung · age_up feudal |
| 13:12 | 窝佬攻大人 · first_building Barracks |
| 14:22 | 窝佬攻大人 · first_building Archery Range |
| 14:32 | 窝佬攻大人 · age_up castle |
| 15:02 | tathung · age_up castle |
| 15:23 | 窝佬攻大人 · wall_segment Palisade Wall x1 |
| 15:23 | OzoneMX2022 · age_up castle |
| 16:07 | Pig-killing team member · age_up castle |
| 16:21 | Grimbel · first_building Barracks |
| 16:31 | Grimbel · age_up castle |
| 16:33 | 我的手和脚打起来了,为了手赢我要打脚 · age_up castle |
| 17:07 | ray · age_up castle |
| 17:46 | 窝佬攻大人 · first_building Siege Workshop |
| 17:46 | ray · first_building Monastery |
| 18:01 | 肆泯 · first_building Barracks |
| 18:12 | Grimbel · first_building Castle |
| 18:19 | Grimbel · first_building Siege Workshop |
| 18:37 | 肆泯 · first_building Stable |
| 19:25 | tathung · wall_segment Palisade Wall x1 |
| 19:29 | tathung · wall_segment Palisade Wall x1 |
| 19:34 | tathung · wall_segment Palisade Wall x1 |
| 20:56 | 肆泯 · age_up castle |
| 21:21 | ray · first_building Castle |
| 21:33 | OzoneMX2022 · wall_segment Stone Wall x1 |
| 21:39 | OzoneMX2022 · wall_segment Stone Wall x1 |
| 23:38 | tathung · first_building Castle |
| 23:49 | tathung · first_market_sell 100 food |
| 24:55 | Pig-killing team member · first_building Monastery |
| 25:28 | 肆泯 · first_building Siege Workshop |
| 26:00 | OzoneMX2022 · first_building Monastery |
| 26:20 | ray · wall_segment Stone Wall x7 |
| 26:21 | tathung · first_building Stable |
| 26:27 | ray · first_market_buy 100 stone |
| 26:30 | ray · first_market_sell 100 food |
| 27:06 | ray · first_building Siege Workshop |
| 27:23 | 肆泯 · first_market_sell 100 wood |
| 27:29 | OzoneMX2022 · first_building Castle |
| 27:47 | 肆泯 · first_building Castle |
| 28:16 | tathung · age_up imperial |
| 31:18 | Grimbel · first_building Monastery |
| 32:02 | OzoneMX2022 · age_up imperial |
| 32:59 | 窝佬攻大人 · first_market_sell 100 wood |
| 34:34 | OzoneMX2022 · first_market_sell 500 food |
| 35:06 | 窝佬攻大人 · first_market_buy 100 stone |
| 35:17 | 窝佬攻大人 · first_building Castle |
| 35:28 | ray · age_up imperial |
| 35:44 | Pig-killing team member · first_market_sell 100 food |
| 36:09 | 我的手和脚打起来了,为了手赢我要打脚 · first_market_sell 500 food |
| 36:45 | 肆泯 · first_building Monastery |
| 38:20 | Grimbel · age_up imperial |
| 38:28 | 窝佬攻大人 · first_building Monastery |
| 38:40 | Grimbel · first_market_buy 100 stone |
| 39:06 | Pig-killing team member · age_up imperial |
| 39:24 | 我的手和脚打起来了,为了手赢我要打脚 · first_building Siege Workshop |
| 40:21 | 肆泯 · age_up imperial |
| 40:55 | 窝佬攻大人 · age_up imperial |
| 42:26 | 肆泯 · first_market_buy 500 food |
| 43:24 | Pig-killing team member · first_building Castle |
| 45:21 | 肆泯 · resign |
| 45:22 | Grimbel · first_market_sell 100 food |
[ AI ANALYSIS · 1 CREDIT ]
What really happened in this match?
Wolo.gg analyzes every decision: build order, eco, micro, common mistakes by bracket. Personalized analysis on WhatsApp or Discord in 30 seconds.
Civ guide
Huns
Perfil
Jugador #445430